 Dungeon Crawl Stone Soup version 0.31-a0-187-gba352fbbf7 (webtiles) character file.

Game seed: 16094971553293960589

19 qw the Shooter (level 2, 0/16 HPs)
             Began as a Deep Elf Hunter on June 22, 2023.
             Slain by Terence
             ... wielding a +0 trident
              (6 damage)
             ... on level 2 of the Dungeon.
             The game lasted 00:00:13 (1005 turns).

qw the Shooter (Deep Elf Hunter)                    Turns: 1005, Time: 00:00:14

Health: 0/16       AC:  3    Str:  8    XL:     2   Next: 55%
Magic:  4/4        EV: 12    Int: 13    God:
Gold:   66         SH:  0    Dex: 18    Spells: 1/1 levels left

rFire   . . .        a - +0 shortbow
rCold   . . .        (shield currently unavailable)
rNeg    . . .        c - +0 leather armour
rPois   .            (no helmet)
rElec   .            (no cloak)
rCorr   .            (no gloves)
SInv    .            (no boots)
Will    .....        (no amulet)
Stlth   ++           (no ring)
HPRegen 0.22/turn    (no ring)
MPRegen 0.09/turn

%: no passive effects
@: no status effects
A: no striking features
a: no special abilities


You were on level 2 of the Dungeon.
You visited 1 branch of the dungeon, and saw 2 of its levels.

You collected 66 gold pieces.


   Skills:
 - Level 1.5 Fighting
 + Level 6.3 Ranged Weapons
 - Level 2.4 Dodging
 - Level 1.2 Stealth


You had one spell level left.
You didn't know any spells.
Your spell library was empty.

Inventory:

Hand Weapons
 a - a +0 shortbow (weapon)
Armour
 c - a +0 leather armour (worn)
 d - a +0 pair of gloves
Scrolls
 b - a scroll of acquirement {unknown}
 e - a scroll of poison {unknown}

Dungeon Overview and Level Annotations

Branches:
Dungeon (2/15)

Altars:

Annotations:
D:2 Terence


Message History

A goblin comes into view. It is wielding a +0 club.
You shoot an arrow. The arrow hits the goblin.
You kill the goblin!
A goblin comes into view. It is wielding a +0 dagger.
You shoot an arrow. The arrow hits the goblin!
You kill the goblin!
A rat comes into view.
You shoot an arrow. The arrow hits the rat.
You kill the rat!
Things that are here:
a +0 dagger; a goblin corpse
Found a stone staircase leading up.
There is a stone staircase leading up here.
Found a stone staircase leading down.
b - a scroll labelled SOFEVESITU
Found a robe.
d - a +0 pair of gloves
There is a stone staircase leading down here.
e - a scroll labelled QAWIRH IMEUTU
Enter note:
Enter note:
Found a stone staircase leading down.
Enter note:
Enter note:
There is a stone staircase leading down here.
Terence the Incautious comes into view.
He is wielding a +0 trident, wearing a +3 scale mail of poison resistance and carrying a wand of polymorph (9).
Terence shouts!
You hear an angry hiss.
Terence says, "How do you enjoy it?"
Enter note:
Enter note: You shoot an arrow.
The arrow barely misses Terence.
A ball python comes into view.
Terence closely misses you.
You shoot an arrow. The arrow completely misses Terence.
Terence hits you from afar with a +0 trident!
Ouch! That really hurt!
You shoot an arrow. The arrow hits Terence.
Terence is lightly wounded.
Terence hits you from afar with a +0 trident.
You die...

# #.####
#S@..# #@#
###.#######
##..........
#..###.#####
#.## .# #.
#.# #
#.#####.#
#....#..#
#...##


You could see Terence and a ball python.

Vanquished Creatures
  An endoplasm (D:2)
  2 giant cockroaches
  3 goblins (D:2)
  3 hobgoblins
  2 kobolds
  A ball python (D:1)
  A bat (D:1)
  4 rats
17 creatures vanquished.

Vanquished Creatures (others)
  A goblin (D:1)
1 creature vanquished.

Grand Total: 18 creatures vanquished

Notes
Turn   | Place    | Note
-------+----------+-------------------------------------------
     0 | D:1      | qw the Deep Elf Hunter began the quest for the Orb.
     0 | D:1      | Reached XP level 1. HP: 12/12 MP: 3/3
     0 | D:1      | 0 ||| qw: Version: 0.3-a-9-g12657ce
     0 | D:1      | 0 ||| qw: Game counter: 2240
     0 | D:1      | 0 ||| qw: Always use a shield: true
     0 | D:1      | 0 ||| qw: God list: Okawaru
     0 | D:1      | 0 ||| qw: Allow faded altars: false
     0 | D:1      | 0 ||| qw: Do Orc after D:15 true
     0 | D:1      | 0 ||| qw: Do second Lair branch before Depths: true
     0 | D:1      | 0 ||| qw: Lair rune preference: random
     0 | D:1      | 0 ||| qw: Plans: Normal
     0 | D:1      | 0 ||| PLANNING D:1-11
   756 | D:1      | 756 ||| DROPPING scroll of butterflies.
   793 | D:2      | Reached skill level 6 in Ranged Weapons
   793 | D:2      | Reached XP level 2. HP: 16/16 MP: 4/4
  1002 | D:2      | Noticed Terence
  1005 | D:2      | Slain by Terence

Levels and vault maps discovered:
D:1:      onia_arrival_mini_maze, layout_loops_cross, lemuel_flame_loot_1
D:2:      layout_rooms, uniq_terence

Skill      XL: |  1 |
---------------+----+-----
Ranged Weapons | 6 |  6.3
Fighting       | |  1.5
Dodging        | |  2.4
Stealth        | |  1.2

Action                     || total
---------------------------++-------
   Fire: Shortbow          ||    47
 Armour: Leather armour    ||     4
  Dodge: Dodged            ||    15

Table legend:
 A = Non-vault XP
 B = Vault XP
 C = Vault XP percentage of total XP
 D = Non-vault monster count
 E = Vault monster count
 F = Vault count percentage of total count
                 A         B        C        D         E       F
            +---------+---------+-------+---------+---------+-------
      Total |      27 |       1 |   3.6 |      16 |       1 |   5.9
            +---------+---------+-------+---------+---------+-------
        D:1 |      10 |       1 |   9.1 |       7 |       1 |  12.5
        D:2 |      17 |       0 |   0.0 |       9 |       0 |   0.0
            +---------+---------+-------+---------+---------+-------
